 Dungeon Crawl Stone Soup version 0.26-b1-32-g5d43845318 (webtiles) character file.

Game seed: 12177755899022448631

87 dohliylev the Stinger (level 4, -4/21 HPs)
             Began as a Spriggan Venom Mage on Jan 11, 2021.
             Slain by a wyvern skeleton (8 damage)
             ... on level 2 of the Dungeon.
             The game lasted 00:04:01 (1288 turns).

dohliylev the Stinger (Spriggan Venom Mage)         Turns: 1288, Time: 00:04:01

Health: -4/21      AC:  2    Str:  4    XL:     4   Next: 28%
Magic:  2/11       EV: 19    Int: 17    God:
Gold:   74         SH:  0    Dex: 16    Spells: 5/11 levels left

rFire    . . .     SeeInvis +   b - +2 short sword (drain)
rCold    . . .     Faith    .   (shield restricted)
rNeg     . . .     Spirit   .   a - +0 robe
rPois    .         Reflect  .   (helmet restricted)
rElec    .         Harm     .   (no cloak)
rCorr    .         Rampage  .   (gloves unavailable)
Will     .....                  (boots unavailable)
Stlth    ++........             (no amulet)
HPRegen  0.07/turn              (no ring)
MPRegen  0.12/turn              (no ring)

@: very quick
A: very small, unfitting armour, see invisible, speed 3
a: no special abilities


You were on level 2 of the Dungeon.
You visited 1 branch of the dungeon, and saw 2 of its levels.

You collected 74 gold pieces.

Inventory:

Hand Weapons
 b - a +2 short sword of draining (weapon)
Armour
 a - a +0 robe (worn)
Scrolls
 c - 3 scrolls of enchant armour {unknown}
Potions
 d - a potion of flight {unknown}


   Skills:
 - Level 0.2 Short Blades
 + Level 3.5 Dodging
 - Level 3.1 Stealth
 + Level 4.0 Spellcasting
 - Level 1.3 Transmutations
 + Level 0.1 Air Magic
 + Level 4.2 Poison Magic


You had 5 spell levels left.
You knew the following spells:

 Your Spells              Type           Power        Failure   Level
a - Sting                 Tmut/Pois      48%          4%          1
b - Poisonous Vapours     Pois/Air       20%          10%         2
c - Mephitic Cloud        Conj/Pois/Air  8%           26%         3

Your spell library contained the following spells:

 Spells                   Type           Power        Failure   Level
 Ignite Poison            Fire/Tmut/Pois 9%           22%         3
 Olgreb's Toxic Radiance  Pois           17%          28%         4


Dungeon Overview and Level Annotations

Branches:
Dungeon (2/15)

Altars:


Innate Abilities, Weirdness & Mutations

You are very small and have problems with some larger weapons.
You are too small for most types of armour.
You have supernaturally acute eyesight. (SInv)
You cover ground extremely quickly.


Message History

Aiming: Poisonous Vapours (safe; 10% risk of failure)
Press: ? - help, Dir - move target, f - rat, p - bat
Aim: a rat Poisonous vapours surround the rat!
The bat completely misses you. The bat closely misses you.
The rat is engulfed in poison gas.
The rat is poisoned.
The bat completely misses you.
You hit the bat.
You kill the bat!
You kill the rat!
You hit the wyvern skeleton.
The wyvern skeleton is lightly damaged.
The wyvern skeleton bites you!
You hit the wyvern skeleton.
The wyvern skeleton is moderately damaged.
The wyvern skeleton closely misses you. The wyvern skeleton bites you!
* * * LOW HITPOINT WARNING * * *
You puncture the wyvern skeleton!
The wyvern skeleton is heavily damaged.
The wyvern skeleton bites you!
You die...

##.####.# #. #.......# ####.
...r....# .....###..#....#
#.............#
#.....†.##...#
#......†##...#
#.......Z@...##
#.......#.....#
#.......##...## #.......#
#.## #...#######.#
##.#..)†.Z..# #..#..####).#
#####
#.#.#..####..##########....
..###....................###


You could see a wyvern skeleton.

Vanquished Creatures
  Natasha (twice) (D:2)
  An ooze (D:2)
  2 dart slugs
  A ball python (D:1)
  4 bats
  2 giant cockroaches
  3 goblins
  5 hobgoblins
  4 frilled lizards
  3 kobolds
  4 rats
31 creatures vanquished.

Notes
Turn   | Place    | Note
-------+----------+-------------------------------------------
     0 | D:1      | dohliylev the Spriggan Venom Mage began the quest for the
                  | Orb.
     0 | D:1      | Reached XP level 1. HP: 9/9 MP: 5/5
   287 | D:1      | Reached XP level 2. HP: 13/13 MP: 3/6
   992 | D:2      | Noticed Natasha
  1003 | D:2      | Killed Natasha
  1004 | D:2      | Reached XP level 3. HP: 9/16 MP: 3/9
  1007 | D:2      | Learned a level 2 spell: Poisonous Vapours
  1011 | D:2      | Learned a level 3 spell: Mephitic Cloud
  1203 | D:2      | Noticed Natasha
  1208 | D:2      | Killed Natasha
  1209 | D:2      | Reached XP level 4. HP: 21/21 MP: 3/10
  1288 | D:2      | Slain by a wyvern skeleton

Illustrated notes

Levels and vault maps discovered:
D:1:      dpeg_chamrin_arrival_tetris, layout_loops_ring
D:2:      layout_loops_cross, uniq_natasha

Skill      XL: |  1  2  3  4 |
---------------+-------------+-----
Spellcasting   | 3 4 |  4.0
Poison Magic   | 4 |  4.2
Short Blades   | |  0.2
Dodging        | |  3.5
Stealth        | |  3.1
Transmutations | |  1.3
Air Magic      | |  0.1

Action                   |  1- 3 |  4- 6 || total
-------------------------+-------+-------++-------
Melee: Short sword       |    24 |     6 ||    30
 Cast: Sting             |    38 |       ||    38
       Poisonous Vapours |     2 |     5 ||     7
 Stab: Sleeping          |     3 |       ||     3
Armor: Robe              |     5 |       ||     5
Dodge: Dodged            |    28 |     6 ||    34
